Map: Dusk Towers

Players

LilDicky - Winner!

  • Race: Terran Terran
  • League: Diamond

protossimba

  • Race: Terran Terran
  • League: Diamond

VOD

http://www.twitch.tv/tumescentpie

Description

Time

  • Played on: Dec. 9, 2015, 8:30 a.m.
  • Length: 8:17
Show
View Real Time Build Order
Export as new Build Order

LilDicky Terran - Winner!

Build Orders: Reaper Expand, Banshee Rush 

Get SALT Encoding   

  12  0:02  SCV  
  13  0:14  SCV  
  14  0:24  Supply Depot  
  14  0:28  SCV  
  15  0:37  Refinery  
  15  0:45  SCV  
  16  0:52  Barracks  
  16  0:58  SCV  
  17  1:11  SCV  
  18  1:23  SCV  
  19  1:39  SCV  
  19  1:58  Command Center  
  19  1:59  Orbital Command  
  19  2:01  Reaper  
  19  2:03  Supply Depot  
  20  2:13  Factory  
  20  2:19  Refinery  
  20  2:30  SCV  
  20  2:34  Reaper  
  22  2:44  SCV  
  23  2:56  SCV  
  24  3:00  Factory Tech Lab  
  24  3:02  Starport  
  24  3:07  Engineering Bay  
  24  3:08  SCV  
  25  3:20  SCV  
  25  3:24  Marine  
  28  3:29  Orbital Command  
  28  3:32  SCV  
  28  3:34  Factory Tech Lab  
  28  3:44  Banshee, Cloaking Field, SCV  
  28  3:47  Missile Turret  
  32  3:52  Refinery  
  32  3:57  Missile Turret  
  32  4:02  Siege Tank  
  35  4:08  SCV  
  35  4:27  Banshee  
  35  4:28  SCV  
  35  4:29  SCV  
  40  4:40  SCV, Siege Tank  
  40  4:43  Supply Depot, SCV  
  45  4:49  Refinery  
  45  4:52  SCV  
  46  5:13  Banshee, Siege Tank  
  52  5:35  SCV x2  
  53  6:00  Supply Depot  
  53  6:03  Factory  
  53  6:07  Command Center  
  53  6:21  Banshee, Siege Tank  
  53  6:53  Siege Tank  
  53  6:57  Factory Tech Lab  
  53  7:04  Barracks  
  53  7:06  Barracks  
  53  7:07  Barracks  
  53  7:09  Supply Depot  
  53  7:10  Supply Depot  
  53  7:11  Supply Depot  
  53  7:18  Marine  
  53  7:25  Siege Tank  
  53  7:44  Siege Tank  
  53  7:59  Marine x2  
  53  8:07  Command Center  
Show
View Real Time Build Order
Export as new Build Order

protossimba Terran 

Build Orders:  

Get SALT Encoding   

  12  0:01  SCV  
  13  0:13  SCV  
  14  0:17  Supply Depot  
  14  0:25  SCV  
  15  0:32  Refinery  
  15  0:44  Barracks  
  15  0:46  SCV  
  16  0:58  SCV  
  17  1:10  SCV  
  18  1:23  SCV  
  19  1:38  Orbital Command  
  19  1:39  Marine  
  20  1:46  Supply Depot  
  20  1:53  Factory  
  19  1:57  Marine  
  20  2:04  SCV  
  21  2:19  Command Center, SCV  
  22  2:23  Marine  
  23  2:31  SCV  
  23  2:34  Refinery  
  24  2:37  Factory Tech Lab  
  24  2:41  Marine  
  24  2:43  SCV  
  26  2:55  SCV  
  27  2:58  Marine  
  27  3:00  Cyclone  
  31  3:32  Barracks  
  31  3:33  Engineering Bay, Barracks  
  32  3:35  Engineering Bay  
  32  3:37  Orbital Command  
  32  3:40  Barracks Tech Lab  
  31  3:47  Widow Mine  
  33  3:49  SCV  
  33  3:59  Stimpack  
  33  4:03  SCV  
  33  4:04  SCV  
  33  4:08  Terran Infantry Weapons Level 1  
  35  4:12  Supply Depot  
  34  4:22  Siege Tank  
  38  4:25  Barracks Reactor  
  38  4:26  Marine  
  38  4:30  SCV x2  
  40  4:35  Supply Depot  
  40  4:41  Terran Infantry Armor Level 1  
  40  4:42  SCV  
  41  4:46  Barracks Reactor  
  41  4:48  SCV  
  41  4:52  Refinery, Marine  
  43  5:00  SCV  
  43  5:01  SCV  
  45  5:13  SCV  
  40  5:21  Missile Turret  
  40  5:24  SCV, Missile Turret  
  40  5:25  Marine x2  
  36  5:40  SCV x2  
Tags
 
Add a new tag
Caveats
  • Supply blocks, unpowered buildings, or Contaminate may cause inaccurate times.
  • Supply counts are checked every 10 seconds.